 Dungeon Crawl Stone Soup version 0.22-a0-252-gcace5d2 (webtiles) character file.

12306 matakusis the Convoker (level 11, -23/70 HPs)
             Began as a Deep Elf Summoner on Feb 28, 2018.
             Was a High Priest of Sif Muna.
             Killed from afar by a fire dragon (55 damage)
             ... with a blast of flame
             ... in a volcano on Mar 1, 2018.
             The game lasted 01:50:23 (14541 turns).

matakusis the Convoker (Deep Elf Summoner)         Turns: 14541, Time: 01:50:25

Health: -23/70     AC: 16    Str:  5    XL:     11   Next: 60%
Magic:  15/30      EV: 12    Int: 24    God:    Sif Muna [*****.]
Gold:   934        SH:  0    Dex: 15    Spells: 25/37 levels left

rFire    . . .     SeeInvis .   E - +2 quarterstaff (chaos)
rCold    + + .     Gourm    .   (shield currently unavailable)
rNeg     . . .     Faith    .   G - +3 leather armour of the Thirteen Eyes {rElec rPois rC+}
rPois    +         Spirit   .   l - +2 helmet
rElec    +         Reflect  .   D - +0 cloak
rCorr    .         Harm     .   (no gloves)
MR       ++...                  a - +0 pair of boots
Stlth    ++........             u - amulet of Vitality {Regen+ HP+15}
HPRegen  0.61/turn              I - ring of protection from cold
MPRegen  0.22/turn              y - ring of protection from magic

@: no status effects
A: iridescent scales 2, rugged brown scales 1, blink
a: Blink, Divine Energy, Channel Magic, Forget Spell, Renounce Religion


You were in a volcano.
You worshipped Sif Muna.
Sif Muna was extremely pleased with you.
You were not hungry.

You visited 3 branches of the dungeon, and saw 14 of its levels.
You also visited: Ossuary and Volcano.

You collected 934 gold pieces.

Inventory:

Hand Weapons
 E - a +2 quarterstaff of chaos (weapon)
 M - the cursed +3 spear "Locutokh" {freeze, *Noise rElec rC+ Dex+4}
   (You found it on level 2 of the Lair of Beasts)

   It has been specially enchanted to freeze those struck by it, causing extra
   injury to most foes and up to half again as much damage against particularly
   susceptible opponents.
   It can also slow down cold-blooded creatures.
   It affects your dexterity (+4).
   It protects you from cold.
   It insulates you from electricity.
   It may make noises in combat.
   It has a curse placed upon it.
Missiles
 e - 110 arrows
 h - 418 stones (quivered)
Armour
 a - a +0 pair of boots (worn)
 l - a +2 helmet (worn)
 q - a +2 robe of positive energy
 B - a +0 robe of magic resistance
 D - a +0 cloak (worn)
 G - the +3 leather armour of the Thirteen Eyes (worn) {rElec rPois rC+}
   (You took it off a big kobold on level 7 of the Dungeon)

   It protects you from cold.
   It insulates you from electricity.
   It protects you from poison.
Jewellery
 d - a +1 ring of protection
 k - an uncursed ring of positive energy
 u - the amulet of Vitality (around neck) {Regen+ HP+15}
   (You found it on level 2 of the Lair of Beasts)

   [amulet of regeneration]

   It affects your health (+15).
   It increases your rate of regeneration.
 y - a ring of protection from magic (right hand)
 I - a ring of protection from cold (left hand)
 Q - an uncursed ring of see invisible
Wands
 i - a wand of digging (24)
 o - a wand of disintegration (15)
 s - a wand of random effects (23)
 H - a wand of paralysis (14)
 J - a wand of scattershot (4)
 K - a wand of flame (26)
 L - a wand of acid (7)
 P - a wand of iceblast (7)
Scrolls
 c - 10 scrolls of teleportation
 n - 9 scrolls of remove curse
 r - a scroll of blinking
 t - 2 scrolls of fog
 x - 7 scrolls of identify
 z - a scroll of magic mapping
 F - 3 scrolls of enchant armour
 N - 2 scrolls of amnesia
Potions
 f - 3 potions of might
 g - 5 potions of curing
 m - 4 potions of brilliance
 p - 2 potions of agility
 v - a potion of flight
 w - a potion of magic
 A - a potion of lignification
 C - 2 potions of cancellation
 O - a potion of heal wounds
Comestibles
 b - 18 rations


   Skills:
   Level 1.4 Bows
 - Level 2.4 Dodging
 - Level 2.4 Stealth
 + Level 13.8 Spellcasting
 * Level 15.6 Summonings
 + Level 0.3 Translocations
 + Level 2.7 Ice Magic
 + Level 2.1 Air Magic


You had 25 spell levels left.
You knew the following spells:

 Your Spells              Type           Power        Failure   Level  Hunger
a - Blink                 Tloc           N/A          8%          2    None
b - Call Imp              Summ           #######.     0%          2    None
c - Summon Lightning Spi  Summ/Air       ######..     1%          4    None
d - Summon Ice Beast      Ice/Summ       ######..     1%          4    None


Dungeon Overview and Level Annotations

Branches:
Dungeon (9/15)             Temple (1/1) D:6            Lair (4/6) D:8
 Shoals (0/4) Lair:3       Spider (0/4) Lair:2          Orc (0/2) D:9

Altars:
Ashenzari
Cheibriados
Dithmenos
Elyvilon
Fedhas
Gozag
Hepliaklqana
Kikubaaqudgha
Makhleb
Nemelex Xobeh
Okawaru
Qazlal
Ru
Sif Muna
Trog
Uskayaw
Vehumet
Wu Jian
Xom
Yredelemnul
Zin
The Shining One

Shops:
D:6 %


Innate Abilities, Weirdness & Mutations

You are mostly covered in iridescent scales. (AC +4)
You are partially covered in rugged brown scales. (AC +1, +3% HP)
You can translocate small distances at will.


Message History

Your ice beast hits the fire dragon but does no damage. x3
The fire dragon bites you but does no damage.
The fire dragon misses you. The fire dragon closely misses you.
The molten gargoyle hits your ice beast with a mace.
Your ice beast is engulfed in flames!!
Your ice beast melts!
Your ice beast hits the fire dragon.
Your ice beast freezes the fire dragon!
The fire dragon is frozen!
Your ice beast barely misses the fire dragon.
Your ice beast hits the molten gargoyle.
Your ice beast freezes the molten gargoyle!
You blink.
You feel slightly more hungry.
Your ice beast hits the molten gargoyle.
Your ice beast freezes the molten gargoyle!!
The molten gargoyle is destroyed!
Sif Muna accepts your kill. The fire dragon breathes flames at you.
The blast of flame hits you!
Ouch! That really hurt!
You die...

≈§≈≈§≈§≈≈§≈≈≈§§≈≈≈§≈§§≈§≈≈≈≈≈≈§≈≈
§≈§≈≈≈≈≈≈≈≈≈§≈≈≈§≈≈≈≈≈§≈≈≈≈≈≈≈≈≈≈
§§≈≈≈≈≈≈.........§....§...≈≈≈≈≈≈≈
§§≈≈≈≈≈.#################§≈§≈≈≈≈≈
§≈§§§§§.# +...YY'....#.§§§≈≈≈§
≈≈§§§≈≈.# #.8_8)# #.≈≈≈≈≈§§
≈≈§§§≈≈.# #..§DY# #.≈≈≈§§≈≈
§≈≈§≈≈≈.###++###'###++###§§≈§≈≈§§
§≈≈§≈≈≈§#......#@#......#§≈≈§§≈≈≈
§§§≈≈§≈8######.#†#.######.≈§§§§≈§
§≈§≈§§≈§# #†# #§≈§≈≈≈≈≈ ≈§§≈§§§§#
#.# #.§≈≈≈≈≈§ ≈≈≈≈≈§≈.# #.#
#.≈≈≈≈≈≈≈ ≈§≈≈≈≈§.# #.# #§§≈≈≈≈≈§
§§≈≈≈§≈.########'########.≈§≈≈≈≈≈
..§§≈..≈........§..§§....≈≈≈≈≈§§§
§≈§..§≈≈§≈≈≈≈≈≈≈§§≈§§§≈≈≈≈§≈§≈§≈≈


You could see a fire dragon and 2 friendly ice beasts.

Vanquished Creatures
  Duvessa (D:5)
  A water moccasin (Lair:3)
  An orc warrior (D:9)
  A wolf (Lair:4)
  A bullfrog skeleton (D:7)
  An iguana (D:4)
  An orc wizard (D:7)
  A hound zombie (Ossuary)
  A giant cockroach (D:3)
  2 jackals (D:4)
  3 bats (D:3)
14 creatures vanquished.

Vanquished Creatures (collateral kills)
  A hydra (Lair:2)
  A two-headed ogre (D:8)
  A hell hog (Volcano)
  5 death yaks (Lair:2)
  Urug (Lair:2)
  A manticore (Lair:3)
  2 black mambas
  A molten gargoyle (Volcano)
  6 spiny frogs
  A rime drake (Lair:1)
  3 komodo dragons
  A slime creature (D:5)
  2 hornets
  9 blink frogs
  2 hippogriffs (Lair:3)
  Sigmund (D:4)
  A spriggan (D:7)
  19 yaks
  A wraith (D:9)
  4 fire bats (Volcano)
  2 wyverns
  A basilisk (Lair:3)
  2 hungry ghosts (D:7)
  4 hell hounds
  9 water moccasins
  4 porcupines
  A hornet zombie (D:5)
  3 black bears
  3 ice beasts
  An orc warrior (D:9)
  A sky beast (D:6)
  An ogre (D:8)
  8 wolves
  3 crocodiles
  3 big kobolds
  5 bullfrogs
  Dowan (D:5)
  4 scorpions
  8 wights
  3 howler monkeys (D:8)
  5 electric eels
  7 lava snakes (Volcano)
  3 crimson imps
  2 hounds
  2 bullfrog zombies (D:5)
  A quasit (D:7)
  Crazy Yiuf (D:6)
  3 centaur zombies
  8 orc wizards
  5 orc priests (D:9)
  7 jellies
  2 centaur skeletons
  Ijyb (D:4)
  Terence (D:3)
  Jessica (D:3)
  3 iguanas
  Natasha (D:3)
  12 mummies (Ossuary)
  7 worker ants
  A killer bee zombie (Ossuary)
  A hound skeleton (D:4)
  2 hound zombies (Ossuary)
  7 worker ant zombies
  A howler monkey zombie (Ossuary)
  Robin (D:2)
  3 gnolls (D:6)
  12 adders
  4 oozes (D:5)
  3 adder zombies
  9 worms
  2 dart slugs (D:1)
  9 leopard geckos
  46 orcs
  A ball python (D:3)
  8 bats
  4 giant cockroaches
  10 goblins
  5 hobgoblins
  8 jackals
  5 quokkas
  5 frilled lizards
  3 jackal zombies
  12 kobolds
  A leopard gecko zombie (D:7)
  An orc zombie (D:6)
  9 rats
  A fungus (Lair:1)
376 creatures vanquished.

Vanquished Creatures (others)
  A fungus (D:5)
  11 toadstools (D:5)
  A withered plant (Ossuary)
13 creatures vanquished.

Grand Total: 403 creatures vanquished

Notes
Turn   | Place    | Note
-------+----------+-------------------------------------------
     0 | D:1      | matakusis the Deep Elf Summoner began the quest for the Orb.
     0 | D:1      | Reached XP level 1. HP: 10/10 MP: 6/6
   223 | D:1      | Reached XP level 2. HP: 14/15 MP: 4/8
   227 | D:1      | Learned a level 2 spell: Call Imp
   362 | D:1      | Reached skill level 5 in Summonings
   909 | D:2      | Found a sparkling altar of Nemelex Xobeh.
   936 | D:2      | Reached XP level 3. HP: 19/19 MP: 4/9
  1058 | D:2      | Noticed Robin
  1081 | D:2      | Killed Robin
  1203 | D:2      | Reached XP level 4. HP: 17/24 MP: 11/11
  1353 | D:2      | Learned a level 4 spell: Summon Lightning Spire
  1845 | D:2      | Learned a level 4 spell: Summon Ice Beast
  1887 | D:3      | Reached skill level 6 in Summonings
  2424 | D:3      | Noticed Natasha
  2425 | D:3      | Noticed a spatial vortex
  2427 | D:3      | Killed Natasha
  2506 | D:3      | Noticed Jessica
  2523 | D:3      | Noticed Terence
  2566 | D:3      | Killed Terence
  2573 | D:3      | Killed Jessica
  2573 | D:3      | Reached XP level 5. HP: 15/28 MP: 1/13
  3090 | D:4      | Found a shadowy altar of Dithmenos.
  3227 | D:4      | Reached skill level 5 in Spellcasting
  3339 | D:4      | Reached skill level 7 in Summonings
  3339 | D:4      | Reached XP level 6. HP: 24/32 MP: 4/15
  3396 | D:4      | Noticed Sigmund
  3409 | D:4      | Killed Sigmund
  3409 | D:4      | Reached skill level 1 in Air Magic
  3428 | D:4      | Found a basalt altar of Yredelemnul.
  3564 | D:4      | Noticed Ijyb
  3574 | D:4      | Killed Ijyb
  3816 | D:5      | Entered Level 5 of the Dungeon
  3851 | D:5      | Found a snail-covered altar of Cheibriados.
  3896 | D:5      | Noticed Duvessa
  3912 | D:5      | Noticed Dowan
  3919 | D:5      | Killed Duvessa
  3921 | D:5      | Killed Dowan
  4136 | D:5      | Found a bloodstained altar of Trog.
  4147 | D:5      | Reached XP level 7. HP: 36/36 MP: 9/18
  4507 | D:5      | Reached skill level 8 in Summonings
  4611 | D:5      | Found a shimmering altar of Xom.
  4864 | D:5      | Noticed a slime creature
  4877 | D:5      | Killed a slime creature
  5030 | D:6      | Found a sand-covered staircase.
  5063 | Ossuary  | Entered an ossuary
  5206 | Ossuary  | Reached skill level 9 in Summonings
  5229 | Ossuary  | Gained mutation: Your magical capacity is low. (-10% MP) [potion of mutation]
  5229 | Ossuary  | Gained mutation: Your body sometimes deteriorates upon taking damage. [potion of mutation]
  5229 | Ossuary  | Gained mutation: You are agile. (Dex +2) [potion of mutation]
  5229 | Ossuary  | Gained mutation: You are partially covered in slimy green scales. (AC +2) [potion of mutation]
  5265 | Ossuary  | Reached XP level 8. HP: 41/41 MP: 4/19
  5667 | D:6      | Reached skill level 1 in Bows
  5998 | D:6      | Found a staircase to the Ecumenical Temple.
  6048 | Temple   | Entered the Ecumenical Temple
  6238 | Temple   | Became a worshipper of Sif Muna the Loreminder
  6339 | D:6      | Found a runed door.
  6384 | D:6      | Noticed Crazy Yiuf
  6386 | D:6      | Killed Crazy Yiuf
  6783 | D:6      | Found Nynec's Food Shoppe.
  6927 | D:6      | Reached skill level 10 in Summonings
  7771 | D:7      | Got a pitted leather armour
  7772 | D:7      | Identified the +3 leather armour of the Thirteen Eyes {rElec rPois rC+} (You took it off a big kobold on level 7 of the Dungeon)
  7890 | D:7      | Reached * piety under Sif Muna
  8041 | D:7      | Learned a level 2 spell: Blink
  8215 | D:7      | Reached XP level 9. HP: 40/45 MP: 18/22
  8312 | D:8      | Reached skill level 11 in Summonings
  8391 | D:8      | Found a staircase to the Lair.
  8504 | D:8      | Reached ** piety under Sif Muna
  8510 | D:8      | Noticed a two-headed ogre
  8664 | D:8      | Killed a two-headed ogre
  8664 | D:8      | Reached skill level 10 in Spellcasting
  9482 | D:8      | Reached skill level 12 in Summonings
  9892 | D:9      | Reached *** piety under Sif Muna
 10007 | D:9      | Reached XP level 10. HP: 33/50 MP: 8/24
 10060 | D:9      | Found a staircase to the Orcish Mines.
 10195 | D:9      | Reached skill level 13 in Summonings
 10508 | D:9      | Found a glowing silver altar of Zin.
 10797 | Lair:1   | Entered Level 1 of the Lair of Beasts
 10803 | Lair:1   | Noticed a spiny frog
 10803 | Lair:1   | Noticed a black mamba
 10821 | Lair:1   | Killed a black mamba
 10847 | Lair:1   | Reached **** piety under Sif Muna
 10978 | Lair:1   | Got a shimmering robe
 10987 | Lair:1   | Lost mutation: Your magical capacity is low. (-10% MP) [potion of mutation]
 10987 | Lair:1   | Lost mutation: You are partially covered in slimy green scales. (AC +2) [potion of mutation]
 10987 | Lair:1   | Lost mutation: You are agile. (Dex +2) [potion of mutation]
 10987 | Lair:1   | Lost mutation: Your body sometimes deteriorates upon taking damage. [potion of mutation]
 10987 | Lair:1   | Gained mutation: You are somewhat resistant to further mutation. [potion of mutation]
 10987 | Lair:1   | Gained mutation: You have a beak for a mouth. [potion of mutation]
 10988 | Lair:1   | Lost mutation: You are somewhat resistant to further mutation. [potion of mutation]
 10988 | Lair:1   | Gained mutation: You are partially covered in rugged brown scales. (AC +1, +3% HP) [potion of mutation]
 10988 | Lair:1   | Lost mutation: You have a beak for a mouth. [potion of mutation]
 10988 | Lair:1   | Gained mutation: Your mind is acute. (Int +2) [potion of mutation]
 10988 | Lair:1   | Gained mutation: You are resistant to electric shocks. (rElec) [potion of mutation]
 10989 | Lair:1   | Lost mutation: You are resistant to electric shocks. (rElec) [potion of mutation]
 10989 | Lair:1   | Lost mutation: Your mind is acute. (Int +2) [potion of mutation]
 10989 | Lair:1   | Gained mutation: You are partially covered in iridescent scales. (AC +2) [potion of mutation]
 10989 | Lair:1   | Gained mutation: You are mostly covered in iridescent scales. (AC +4) [potion of mutation]
 10989 | Lair:1   | Gained mutation: You can translocate small distances at will. [potion of mutation]
 11000 | Lair:1   | Identified the +1 robe "Nurrusot" {Str+5 Int-3} (You found it on level 1 of the Lair of Beasts)
 11050 | Lair:1   | Noticed a spiny frog
 11056 | Lair:1   | Killed a spiny frog
 11417 | Lair:1   | Noticed a spiny frog
 11420 | Lair:1   | Killed a spiny frog
 11596 | Lair:1   | Got a smoking mace
 11597 | Lair:1   | Identified the +7 mace of Voicvido {crush, Dex+5} (You found it on level 1 of the Lair of Beasts)
 11716 | Lair:1   | Upgraded the game from 0.22-a0-248-gc8378ba to 0.22-a0-252-gcace5d2
 11732 | Lair:2   | Killed a spiny frog
 11732 | Lair:2   | Reached skill level 14 in Summonings
 11749 | Lair:2   | Got a jewelled spear
 11750 | Lair:2   | Identified the cursed +3 spear "Locutokh" {freeze, *Noise rElec rC+ Dex+4} (You found it on level 2 of the Lair of Beasts)
 11801 | Lair:2   | Noticed a four-headed hydra
 11807 | Lair:2   | Killed a four-headed hydra
 11967 | Lair:2   | Noticed a spiny frog
 11978 | Lair:2   | Killed a spiny frog
 12196 | Lair:2   | Found a hole to the Spider Nest.
 12298 | Lair:2   | Noticed a death yak
 12312 | Lair:2   | Killed a death yak
 12312 | Lair:2   | Reached XP level 11. HP: 55/55 MP: 18/29
 12314 | Lair:2   | Noticed a death yak
 12315 | Lair:2   | Found the amulet of Vitality {Regen+ HP+15}
 12324 | Lair:2   | Killed a death yak
 12326 | Lair:2   | Noticed a death yak
 12326 | Lair:2   | Noticed a death yak
 12327 | Lair:2   | Noticed a death yak
 12339 | Lair:2   | Killed a death yak
 12339 | Lair:2   | Reached skill level 1 in Ice Magic
 12349 | Lair:2   | Killed a death yak
 12371 | Lair:2   | Killed a death yak
 12371 | Lair:2   | Reached skill level 15 in Summonings
 12773 | Lair:2   | Noticed Urug
 12780 | Lair:2   | Killed Urug
 13041 | Lair:3   | Reached ***** piety under Sif Muna
 13600 | Lair:3   | Found a staircase to the Shoals.
 13608 | Lair:3   | Identified Sif Muna's Almanac of Black Secrets and Summoning (Sif Muna gifted it to you on level 3 of the Lair of Beasts)
 13608 | Lair:3   | Received a gift from Sif Muna
 14178 | Lair:4   | Found a dark tunnel.
 14187 | Volcano  | Entered a volcano
 14463 | Volcano  | Found a bloodstained altar of Trog.
 14463 | Volcano  | Noticed a hell hog
 14484 | Volcano  | Killed a hell hog
 14528 | Volcano  | Noticed a fire dragon
 14541 | Volcano  | Killed from afar by a fire dragon

Vault maps used:
D:1:      lemuel_arrival_broad_hall, minmay_pentomino_q2
D:2:      nemelex_altar_shiori, first_ration, uniq_robin
D:3:      uniq_natasha, uniq_terence, uniq_jessica
D:4:      lemuel_coloured_pillars_altar, grunt_dithmenos_smoke, uniq_ijyb,
          uniq_sigmund
D:5:      cheibrodos_fertilizer, nicolae_overflow_crystal_walls,
          kennysheep_mini, basic_altar, uniq_duvessa
D:6:      minmay_temple_entry_statues_fountains, serial_shops, shop,
          enter_ossuary_3, kennysheep_generic_room_16, uniq_crazy_yiuf_cottage
D:7:      abandoned_shop, the_bakery
D:8:      minmay_lair_entry_lava, kennysheep_opposing_triangles
D:9:      zin_statuary, hiddenorc2_lemuel
Temple:   minmay_temple_bridge_d
Lair:1:   grunt_megastairs_5, infiniplex_staircase_pool
Lair:2:   spider_nest_entry_web_field, serial_bayou_ford_a, beast_lair_carwin_3,
          uniq_urug
Lair:3:   minmay_shoals_entry_beasts, grunt_megastairs_4
Lair:4:   dpeg_oklob_gauntlet, nicolae_volcano_entry_lava_flow
Ossuary:  ossuary_zaba_flooded
Volcano:  volcano_lake

Skill      XL: |  1  2  3  4  5  6  7  8  9 10 11 |
---------------+----------------------------------+-----
Summonings     | 5 6 7 9 10 12 14 15 | 15.6
Spellcasting   | 4 5 6 7 9 11 12 13 | 13.8
Air Magic      | 1 2 |  2.1
Bows           | 1 |  1.4
Ice Magic      | 2 |  2.7
Dodging        | |  2.4
Stealth        | |  2.4
Translocations | |  0.3

Action                   |  1- 3 |  4- 6 |  7- 9 | 10-12 || total
-------------------------+-------+-------+-------+-------++-------
Melee: Unarmed           |     7 |       |       |       ||     7
       Quarterstaff      |       |    22 |    30 |    22 ||    74
 Fire: Longbow           |       |       |     8 |       ||     8
 Cast: Summon Small Mamm |    12 |       |       |       ||    12
       Call Imp          |    18 |    22 |    11 |     5 ||    56
       Summon Lightning  |       |    20 |    61 |    60 ||   141
       Summon Ice Beast  |       |    14 |    57 |    75 ||   146
       Blink             |       |       |     1 |     2 ||     3
 Abil: Blink             |       |       |       |     3 ||     3
Evoke: Wand              |       |       |       |     1 ||     1
  Use: Scroll            |     8 |     8 |    10 |     7 ||    33
       Potion            |       |     1 |     1 |     9 ||    11
 Stab: Distracted        |       |       |       |     3 ||     3
  Eat: Chunk             |     1 |    17 |    17 |     9 ||    44
       Ration            |       |       |     2 |     2 ||     4
Armor: Robe              |     7 |    15 |    21 |       ||    43
       Leather armour    |       |       |    24 |    23 ||    47
Dodge: Dodged            |    14 |    36 |    50 |    34 ||   134

Table legend:
 A = Spawn XP
 B = Non-spawn XP
 C = Spawn XP percentage of total XP
 D = Spawn monster count
 E = Non-spawn monster count
 F = Spawn count percentage of total count
 G = Total turns spent on level
                    A         B        C        D         E        F      G
               +---------+---------+-------+---------+---------+-------+---------
         Total |       0 |   17580 |   0.0 |       0 |     389 |   0.0 | 14541
               +---------+---------+-------+---------+---------+-------+---------
           D:1 |       0 |      20 |   0.0 |       0 |      18 |   0.0 |   811
           D:2 |       0 |     103 |   0.0 |       0 |      41 |   0.0 |  1060
           D:3 |       0 |      94 |   0.0 |       0 |      25 |   0.0 |  1011
           D:4 |       0 |     322 |   0.0 |       0 |      27 |   0.0 |   934
           D:5 |       0 |     682 |   0.0 |       0 |      32 |   0.0 |  1204
           D:6 |       0 |     446 |   0.0 |       0 |      23 |   0.0 |  1419
           D:7 |       0 |     809 |   0.0 |       0 |      28 |   0.0 |  1004
           D:8 |       0 |    1366 |   0.0 |       0 |      25 |   0.0 |  1342
           D:9 |       0 |    2428 |   0.0 |       0 |      59 |   0.0 |  1191
        Lair:1 |       0 |    1900 |   0.0 |       0 |      14 |   0.0 |   920
        Lair:2 |       0 |    4958 |   0.0 |       0 |      25 |   0.0 |  1319
        Lair:3 |       0 |    2728 |   0.0 |       0 |      25 |   0.0 |  1127
        Lair:4 |       0 |     183 |   0.0 |       0 |       3 |   0.0 |    24
       Ossuary |       0 |     336 |   0.0 |       0 |      29 |   0.0 |   557
       Volcano |       0 |    1205 |   0.0 |       0 |      15 |   0.0 |   354
               +---------+---------+-------+---------+---------+-------+---------
